 Dungeon Crawl Stone Soup version 0.16.2-12-gd0ad4c3 (webtiles) character file.

14 kroki the Skirmisher (level 2, 19/19 HPs)
             Began as a Kobold Berserker on Sept 29, 2015.
             Was a Follower of Trog.
             Quit the game on level 1 of the Dungeon on Feb 1, 2016.
             The game lasted 00:00:43 (430 turns).

kroki the Skirmisher (Kobold Berserker)              Turns: 430, Time: 00:00:44

Health: 19/19      AC:  5    Str: 15    XL:     2   Next: 60%
Magic:  2/2        EV: 14    Int:  5    God:    Trog [*.....]
Gold:   3          SH:  0    Dex: 15    Spells: 0 memorised, 1 level left

rFire  . . .     SeeInvis .     a - +0 falchion
rCold  . . .     Clarity  .     g - +0 ring mail
rNeg   . . .     SustAb   .     (no shield)
rPois  .         Gourm    .     (no helmet)
rElec  .         Spirit   .     (no cloak)
rCorr  .         Warding  .     (no gloves)
rMut   .         Stasis   .     (no boots)
MR     .....                    (no amulet)
Stlth  +.........               (no ring)
                                (no ring)

@: not resistant to hostile enchantments, very unstealthy
A: carnivore 3
a: Burn Spellbooks, Berserk, Renounce Religion


You were on level 1 of the Dungeon.
You worshipped Trog.
Trog was aware of your devotion.
You were not hungry.

You visited 1 branch of the dungeon, and saw 1 of its levels.

You collected 3 gold pieces.

Inventory:

Hand weapons
 a - a +0 falchion (weapon)
Armour
 b - a +0 animal skin
 d - a +0 leather armour
   (You found it on level 1 of the Dungeon)
 g - a +0 ring mail (worn)
   (You found it on level 1 of the Dungeon)
Scrolls
 e - a scroll of identify {unknown}
 f - a scroll of teleportation {unknown}
Comestibles
 c - 3 meat rations {@e2}


   Skills:
 - Level 3.2 Fighting
 + Level 3.1 Long Blades
 - Level 1.5 Armour
 - Level 2.4 Dodging


You had one spell level left.
You didn't know any spells.

Dungeon Overview and Level Annotations

Branches:
Dungeon (1/15)

Altars:


Innate Abilities, Weirdness & Mutations

You are small and have problems with some larger weapons.
You are carnivorous and can eat meat at any time.


Message History

No target in view!
No target in view!
No target in view!
No target in view!
No target in view!
No target in view!
No target in view!
No target in view!
No target in view!
No target in view!
No target in view!
No target in view!
You see here a bat corpse.
You offer a prayer to Trog.
The bat corpse is consumed in a column of flame.
Trog is aware of your devotion.
c - 3 meat rations {@e2} (gained 1)
You see here a club.
A goblin comes into view.
The goblin shouts!
A rat comes into view.
There are monsters nearby!
A hobgoblin comes into view. It is wielding a club.
The hobgoblin shouts!
You slash the goblin!
You kill the goblin!
Trog accepts your kill.
Your Long Blades skill increases to level 3!
You slash the rat!
You kill the rat!
Trog accepts your kill. The hobgoblin barely misses you.
You see here a goblin corpse.
You hit the hobgoblin.
The hobgoblin hits you but does no damage.
You hit the hobgoblin but do no damage. The hobgoblin barely misses you.
You hit the hobgoblin.
You kill the hobgoblin!
Trog accepts your kill.
No target in view!
No target in view!
No target in view!
No target in view!
No target in view!
No target in view!
No target in view!
No target in view!
No target in view!
No target in view!
No target in view!
No target in view!
No target in view!
No target in view!
You offer a prayer to Trog.
The goblin corpse is slowly consumed by flames.
Trog is aware of your devotion.
Things that are here:
a club; a hobgoblin corpse You offer a prayer to Trog.
The hobgoblin corpse is consumed in a column of flame.
Trog is aware of your devotion.
A goblin comes into view.
A goblin is nearby!
The goblin shouts!
You hit the goblin. The goblin misses you.
You hit the goblin.
You kill the goblin!
Trog accepts your kill.
No target in view!
No target in view!
No target in view!
No target in view!
No target in view!
No target in view!
No target in view!
No target in view!
No target in view!
No target in view!
No target in view!
No target in view!
Search for what [Enter for "lea", or ? for help]? ri
f - a scroll labeled REIN PNEGRI
There are no items here.
(D) Dungeon
Where to? (Enter - D:1 @ (x,y), ? - help)
Okay, then.
Search for what [Enter for "ri", or ? for help]?
Okay, then.
Search for what [Enter for "ri", or ? for help]? ri You see here a ring mail.
g - a ring mail Wear which item? (? for menu, Esc to quit)
You start removing your armour.
You continue taking off your +0 leather armour. x4
You finish taking off your +0 leather armour.
You start putting on your armour.
You continue putting on your ring mail.
You continue putting on your ring mail. x4
You finish putting on your +0 ring mail.
Welcome back, kroki the Kobold Berserker.
Trog says: Kill them all!

.########..............####
###.##.#.###.........
#..)...#.# #.#.......
########......#.# #.# #.#.#
.....)........#.###.#.###
##...###.....##.##.....# .
#...###.....##....#.#....#
#....####.#######.....####
#..............@.#.#.##
##...#####.#####....#.#
.....# #.. ..........
###..####### ###...##### #
#........# ##... #
#.######.# ##### # #.#
###.# ....#


There were no monsters in sight!

Vanquished Creatures
  A giant gecko (D:1)
  2 giant cockroaches (D:1)
  A hobgoblin (D:1)
  2 kobolds (D:1)
  2 bats (D:1)
  3 goblins (D:1)
  A rat (D:1)
12 creatures vanquished.

Notes
Turn   | Place    | Note
--------------------------------------------------------------
     0 | D:1      | kroki, the Kobold Berserker, began the quest for the Orb.
     0 | D:1      | Reached XP level 1. HP: 14/14 MP: 1/1
    99 | D:1      | Reached XP level 2. HP: 9/19 MP: 2/2
   385 | D:1      | Reached skill level 3 in Long Blades
   430 | D:1      | Quit the game

Action                   || total
-------------------------++-------
Melee: Falchion          ||    28
Invok: Berserk           ||     1
  Eat: Chunk             ||     1

Vault maps used:
D:1:      kilobyte_arrival_exit_the_forest, minmay_statues_item,
          supply_closet_lemuel

Table legend:
 A = Turns spent in this place as a percentage of turns spent in the entire game.
 B = Non-inter-level travel turns spent in this place as a percentage of non-inter-level travel turns spent in the entire game.
 C = Inter-level travel turns spent in this place as a percentage of turns spent in this place.
 D = Turns resting spent in this place as a percentage of non-inter-level travel turns spent in this place.
 E = Turns spent auto-exploring this place as a percentage of non-inter-level travel turns spent in this place.
 F = Non-inter-level travel turns spent in this place divided by the number of levels of this place that you've seen.
                   A       B       C       D       E      F
               +-------+-------+-------+-------+-------+----------------------
         Total | 100.0 | 100.0 |   1.3 |   3.4 |   6.5 | 232.0
       Dungeon | 100.0 | 100.0 |   1.3 |   3.4 |   6.5 | 232.0
               +-------+-------+-------+-------+-------+----------------------

Table legend:
 A = Kills in this place as a percentage of kills in entire the game.
 B = Kills by you in this place as a percentage of kills by you in the entire game.
 C = Kills by friends in this place as a percentage of kills by friends in the entire game.
 D = Other kills in this place as a percentage of other kills in the entire game.
 E = Experience gained in this place as a percentage of experience gained in the entire game.
 F = Experience gained in this place divided by the number of levels of this place that you have seen.
                   A       B       C       D       E      F
               +-------+-------+-------+-------+-------+----------------------
         Total | 100.0 | 100.0 |  -nan |  -nan | 100.0 |  21.0
       Dungeon | 100.0 | 100.0 |  -nan |  -nan | 100.0 |  21.0
               +-------+-------+-------+-------+-------+----------------------
